 Dungeon Crawl Stone Soup version 0.31-a0-986-g5e6e4ef867 (webtiles) character file.

Game seed: 11927945431159762105

478 billz999 the Cudgeller (level 6, -5/51 HPs)
             Began as a Demonspawn Fighter on Nov 5, 2023.
             Slain by Pikel
             ... wielding a +2 whip of flaming
              (6 damage)
             ... on level 3 of the Dungeon.
             The game lasted 00:03:49 (2918 turns).

billz999 the Cudgeller (Demonspawn Fighter)         Turns: 2918, Time: 00:03:50

Health: -5/51      AC: 10    Str: 18    XL:     6   Next: 85%
Magic:  6/6        EV:  9    Int: 10    God:
Gold:   275        SH:  4    Dex: 12    Spells: 5/5 levels left

rFire   . . .        a - +0 flail
rCold   . . .        c - +0 buckler
rNeg    . . .        b - +0 scale mail
rPois   .            (helmet restricted)
rElec   .            (no cloak)
rCorr   .            (no gloves)
SInv    .            (no boots)
Will    .....        (no amulet) Stlth
                     m - +4 ring of protection
HPRegen 0.28/turn    (no ring)
MPRegen 0.20/turn

%: no passive effects
@: mighty, brilliant
A: horns 2, magic regeneration
a: no special abilities


You were on level 3 of the Dungeon.
You visited 1 branch of the dungeon, and saw 4 of its levels.

You collected 275 gold pieces.

Inventory:

Hand Weapons
 a - a +0 flail (weapon)
Armour
 b - a +0 scale mail (worn)
 c - a +0 buckler (worn)
Jewellery
 m - a +4 ring of protection (left hand)
Scrolls
 e - a scroll of fog
 g - 2 scrolls of teleportation
 h - a scroll of enchant weapon
 i - a scroll of immolation {unknown}
 j - a scroll of acquirement {unknown}
 k - a scroll of fear {unknown}
 l - 5 scrolls of amnesia {unknown}
 n - a scroll of blinking {unknown}
 o - a scroll of enchant armour {unknown}
 p - a scroll of noise {unknown}
 q - a scroll of summoning {unknown}
Potions
 f - a potion of magic


   Skills:
 + Level 5.1 Fighting
 * Level 5.6 Maces & Flails
 - Level 2.7 Armour
 - Level 2.7 Shields


You had 5 spell levels left.
You didn't know any spells.
Your spell library contained the following spells:

 Spells                   Type           Power      Damage    Failure   Level
 Dazzling Flash           Conj/Hex       0%         N/A       99%         3
 Tukima's Dance           Hex            0%         N/A       99%         3
 Volatile Blastmotes      Fire/Tloc      0%         2d10      99%         3
 Passage of Golubria      Tloc           0%         N/A       100%        4
 Yara's Violent Unravell  Hex/Tmut       0%         3d3       100%        5
 Starburst                Conj/Fire      0%         6d3       100%        6
 Maxwell's Capacitive Co  Air            0%         ∞         100%        8


Dungeon Overview and Level Annotations

Branches:
Dungeon (4/15)
 Temple: D:4-7

Altars:
Wu Jian

Annotations:
D:3 Pikel


Innate Abilities, Weirdness & Mutations

You have a pair of horns on your head.
You regenerate magic rapidly.


Message History

Pikel burns you. Pikel barely misses you.
You barely miss Pikel.
Pikel is severely wounded.
Pikel hits you with a +2 whip of flaming.
Pikel burns you.
You barely miss Pikel. Your headbutt misses Pikel.
Pikel is severely wounded.
You block Pikel's attack.
The orc priest calls down the wrath of Beogh upon you.
Beogh smites you!
* * * LOW HITPOINT WARNING * * *
Unknown command.
Pikel hits you but does no damage.
You climb upwards.
Reactivating autopickup.
There is a stone staircase leading down here.
It was a potion of brilliance.
You feel clever all of a sudden. You block Pikel's attack.
You closely miss Pikel. You headbutt Pikel.
Pikel is severely wounded.
You block Pikel's attack.
You hit Pikel.
Pikel is almost dead.
Pikel hits you with a +2 whip of flaming.
* * * LOW HITPOINT WARNING * * *
Pikel burns you.
* * * LOW HITPOINT WARNING * * *
You hit Pikel but do no damage.
Pikel is almost dead.
Pikel cracks his whip.
Pikel hits you with a +2 whip of flaming.
* * * LOW HITPOINT WARNING * * *
Pikel burns you.
* * * LOW HITPOINT WARNING * * *
Okay, then.
You feel very mighty all of a sudden.
Pikel hits you with a +2 whip of flaming.
You die...
Pikel says, "See you in Hell!"

#..##..##...#.#######.##.#..##
#...#.#####.........#.##..#...
#.......#####....##(..###.###.
###......# ####..#.......# #.
#####..#...### ##########.###.
#..†..###....# ###8###8##
#..##. #.....#
####.###8...8...8##.....
#.....# #.###K........###....
#....## #..#@)........_#...#.
#....# #####[........####...
#....# ###8...8...8##...##
#....# ###8###8## #....#
#....# ###########....# #....#
#...##...####..# ######
#.......####....
#...##..........
#...#...####....


You could see Pikel.

Vanquished Creatures
  Grinder (D:3)
  A scorpion (D:4)
  An orc priest (D:3)
  An iguana (D:3)
  An orc wizard (D:4)
  7 adders
  A gnoll (D:4)
  6 dart slugs
  6 orcs
  5 endoplasms
  3 giant cockroaches
  5 goblins
  5 hobgoblins
  5 quokkas
  3 ball pythons
  6 bats
  5 frilled lizards
  4 kobolds
  4 rats
70 creatures vanquished.

Notes
Turn   | Place    | Note
-------+----------+-------------------------------------------
     0 | D:1      | billz999 the Demonspawn Fighter began the quest for the
                  | Orb.
     0 | D:1      | Reached XP level 1. HP: 18/18 MP: 1/1
   395 | D:1      | Gained mutation: You have a pair of small horns on your
                  | head. [demonic ancestry]
   395 | D:1      | Reached XP level 2. HP: 24/24 MP: 2/2
   968 | D:2      | Reached XP level 3. HP: 27/29 MP: 3/3
  1224 | D:2      | Found a faded altar of an unknown god.
  1613 | D:3      | Gained mutation: You regenerate magic rapidly. [demonic
                  | ancestry]
  1613 | D:3      | Reached XP level 4. HP: 36/37 MP: 4/4
  1750 | D:3      | Found an ornate altar of the Wu Jian Council.
  1787 | D:3      | Noticed Grinder
  1795 | D:3      | Killed Grinder
  1796 | D:3      | Reached XP level 5. HP: 35/43 MP: 5/5
  1796 | D:3      | Gained mutation: You have a pair of horns on your head.
                  | [demonic ancestry]
  1796 | D:3      | Reached XP level 6. HP: 40/49 MP: 6/6
  2164 | D:3      | Reached skill level 5 in Maces & Flails
  2395 | D:3      | Reached skill level 5 in Fighting
  2867 | D:4      | Noticed Pikel
  2917 | D:3      | HP: 1/51 [Pikel/+2 whip of flaming (2)]
  2918 | D:3      | Slain by Pikel

Illustrated notes

Levels and vault maps discovered:
D:1:      sevenhm_arrival_forest_fort_large_4, layout_loops_corners
D:2:      layout_loops_ring, shapermc_ecumenical_altar_gd,
          kennysheep_decorative_pillar, minmay_nonomino_d4
D:3:      layout_rooms, nicolae_overflow_hidden_temple, uniq_grinder
D:4:      layout_rooms, dreamdust_gnoll_farm, uniq_pikel, uniq_menkaure

Skill      XL: |  1  2  3  4  5  6 |
---------------+-------------------+-----
Maces & Flails | 2 3 4 5 |  5.6
Fighting       | 4 5 |  5.1
Armour         | |  2.7
Shields        | |  2.7

Action                     |  1- 3 |  4- 6 || total
---------------------------+-------+-------++-------
  Melee: Flail             |    96 |   131 ||   227
         Headbutt          |     7 |    23 ||    30
    Use: Scroll            |     4 |       ||     4
         Potion            |       |     2 ||     2
 Armour: Scale mail        |    66 |   107 ||   173
  Dodge: Dodged            |    37 |    60 ||    97
  Block: Buckler           |    17 |    36 ||    53

Table legend: (Time is in decaauts)
 A = Elapsed time spent in this place.
 B = Non-inter-level travel time spent in this place.
 C = Inter-level travel time spent in this place.
 D = Time resting spent in this place.
 E = Time spent auto-exploring this place.
 F = Levels seen in this place.
 G = Mean time per level.
                   A        B        C        D        E       F      G
               +--------+--------+--------+--------+--------+-----+--------+
         Total |   2978 |   2903 |     75 |    449 |   1865 |   4 |  744.5 |
       Dungeon |   2978 |   2903 |     75 |    449 |   1865 |   4 |  744.5 |
               +--------+--------+--------+--------+--------+-----+--------+

Top non-repeatable levels by time:
     D:3: 1060 daAuts
     D:1: 937 daAuts
     D:2: 679 daAuts
     D:4: 301 daAuts
